 Dungeon Crawl Stone Soup version 0.18.1-8-gdd0e5ea (webtiles) character file.

1097 mindo the Destroyer (level 8, -5/41 HPs)
             Began as a Deep Elf Conjurer on June 11, 2016.
             Was an Initiate of Vehumet.
             Slain by a vampire mosquito (8 damage)
             ... on level 8 of the Dungeon on June 12, 2016.
             The game lasted 00:58:20 (6737 turns).

mindo the Destroyer (Deep Elf Conjurer)             Turns: 6737, Time: 00:58:23

Health: -5/41      AC:  2    Str:  5    XL:     8   Next: 10%
Magic:  16/21      EV: 14    Int: 23    God:    Vehumet [......]
Gold:   274        SH:  0    Dex: 15    Spells: 3 memorised, 14 levels left

rFire  . . .     SeeInvis .     (no weapon)
rCold  . . .     Gourm    .     a - +0 robe
rNeg   . . .     Faith    .     (no shield)
rPois  .         Spirit   .     (no helmet)
rElec  .         Dismiss  .     (no cloak)
rCorr  .         Reflect  .     (no gloves)
SustAt .         Harm     .     (no boots)
MR     .....                    (no amulet)
Stlth  +++++.....               u - ring of stealth
                                h - ring of stealth

@: not resistant to hostile enchantments, quite stealthy
A: no striking features
a: Renounce Religion


You were on level 8 of the Dungeon.
You worshipped Vehumet.
Vehumet was noncommittal.
You were not hungry.

You visited 2 branches of the dungeon, and saw 9 of its levels.

You collected 274 gold pieces.

Inventory:

Armour
 a - a +0 robe (worn)
Jewellery
 h - a ring of stealth (left hand)
 j - an uncursed ring of resist corrosion {unknown}
 q - an uncursed ring of sustain attributes
 u - a ring of stealth (right hand)
Wands
 A - a wand of slowing (28/48)
 C - a wand of flame (24/48)
 D - a wand of flame (0/48)
Scrolls
 f - 2 scrolls of magic mapping {unknown}
 i - 2 scrolls of teleportation
 o - a scroll of enchant armour {unknown}
 x - 2 scrolls of enchant weapon {unknown}
 y - 2 scrolls of recharging {unknown}
 E - a scroll of identify
Potions
 e - 3 potions of brilliance
 g - a potion of heal wounds
 k - 2 potions of cancellation {unknown}
 l - 2 potions of curing
 m - 3 potions of flight
 r - a potion of haste {unknown}
 v - a potion of resistance {unknown}
 w - 2 potions of agility {unknown}
 B - 2 potions of cure mutation {unknown}
Books
 b - a book of Conjurations

   Spells                             Type                      Level
   a - Magic Dart                     Conjuration                  1
   b - Searing Ray                    Conjuration                  2
   c - Dazzling Spray                 Conjuration/Hexes            3
   d - Fulminant Prism                Conjuration/Hexes            4
   e - Iskenderun's Mystic Blast      Conjuration                  4
   f - Iskenderun's Battlesphere      Conjuration/Charms           5
 n - a book of Geomancy

   Spells                             Type                      Level
   a - Sandblast                      Earth                        1
   b - Passwall                       Transmutation/Earth          2
   c - Stone Arrow                    Conjuration/Earth            3
   d - Petrify                        Transmutation/Earth          4
   e - Lee's Rapid Deconstruction     Earth                        5
 p - a book of Death

   Spells                             Type                      Level
   a - Corpse Rot                     Necromancy                   2
   b - Sublimation of Blood           Necromancy                   2
   c - Agony                          Necromancy                   5
   d - Dispel Undead                  Necromancy                   5
   e - Excruciating Wounds            Charms/Necromancy            5
   f - Bolt of Draining               Conjuration/Necromancy       5
 s - a book of the Tempests

   Spells                             Type                      Level
   a - Static Discharge               Conjuration/Air              3
   b - Lightning Bolt                 Conjuration/Air              5
   c - Fireball                       Conjuration/Fire             5
   d - Tornado                        Air                          9
   e - Shatter                        Earth                        9
Comestibles
 c - 3 bread rations
 d - a fruit
 t - 2 meat rations
 z - a beef jerky


   Skills:
 + Level 3.8 Dodging
 + Level 4.0 Stealth
 * Level 7.4 Spellcasting
 * Level 9.0 Conjurations


You had 14 spell levels left.
You knew the following spells:

 Your Spells              Type           Power        Failure   Level  Hunger
a - Magic Dart            Conj           ####         1%          1    None
b - Searing Ray           Conj           ######       1%          2    None
c - Iskenderun's Mystic   Conj           ######..     1%          4    ###....


Dungeon Overview and Level Annotations

Branches:
Dungeon (8/15)             Temple (1/1) D:5
   Lair: D:8-11

Altars:
Ashenzari
Cheibriados
Elyvilon
Gozag
Kikubaaqudgha
Makhleb
Nemelex Xobeh
Okawaru
Pakellas
Trog
Vehumet
Xom
Zin
The Shining One

Shops:
D:5 }

Annotations:
D:4 Sigmund
D:5 Edmund, Grinder, Prince Ribbit


Message History

The vampire mosquito is lightly damaged.
The vampire mosquito buzzes angrily.
The vampire mosquito bites you.
The vampire mosquito draws strength from your injuries!
The searing ray hits the vampire mosquito.
The vampire mosquito is lightly damaged.
The vampire mosquito bites you!
The vampire mosquito draws strength from your injuries!
The vampire mosquito bites you.
The searing ray misses the vampire mosquito. x2
The vampire mosquito bites you! x2
* * * LOW HITPOINT WARNING * * *
The searing ray hits the vampire mosquito.
The vampire mosquito is heavily damaged.
The searing ray hits the vampire mosquito.
The vampire mosquito is heavily damaged.
The vampire mosquito closely misses you.
The vampire mosquito completely misses you.
The vampire mosquito bites you!
You die...

###### #....# #....#
#....#############
######....##..........#
..........##..........#
#.................#
#.....#y..........#
.#......y@.........#
.........#..........#
........#.#[...<.....#
>..........#..........#
#...#..##..#..........#
#...#.. .......>......#
......#.#.###..#####
... ......# ....#
..##.... .#...#


You could see 2 vampire mosquitoes.

Vanquished Creatures
  A water moccasin (D:5)
  A black bear (D:6)
  A big kobold (D:7)
  A killer bee (D:7)
  4 crimson imps
  2 orc priests
  An orc wizard (D:4)
  Jessica (D:3)
  Natasha (twice) (D:2)
  Terence (D:2)
  Ijyb (D:3)
  3 worker ants (D:4)
  A hound skeleton (D:6)
  2 worker ant zombies (D:6)
  Robin (D:2)
  A howler monkey skeleton (D:7)
  7 gnolls
  10 adders
  2 adder zombies
  2 worms
  2 dart slugs
  3 giant geckos
  13 orcs
  3 ball pythons
  4 giant cockroaches
  13 goblins
  11 hobgoblins
  4 jackals
  2 quokkas (D:3)
  5 bats
  2 giant newts (D:2)
  14 kobolds
  9 rats
  5 rat zombies (D:2)
135 creatures vanquished.

Notes
Turn   | Place    | Note
--------------------------------------------------------------
     0 | D:1      | mindo the Deep Elf Conjurer began the quest for the Orb.
     0 | D:1      | Reached XP level 1. HP: 10/10 MP: 6/6
   267 | D:1      | Reached XP level 2. HP: 15/15 MP: 1/8
   719 | D:2      | Learned a level 2 spell: Searing Ray
   729 | D:2      | Reached skill level 5 in Conjurations
   799 | D:2      | Found an opulent altar of Gozag.
   848 | D:2      | Reached XP level 3. HP: 7/19 MP: 2/10
  1408 | D:2      | Found an ancient bone altar of Kikubaaqudgha.
  1490 | D:2      | Reached XP level 4. HP: 24/24 MP: 2/11
  1621 | D:2      | Noticed Terence
  1638 | D:2      | Killed Terence
  1663 | D:2      | Reached skill level 6 in Conjurations
  1670 | D:2      | Reached XP level 5. HP: 28/28 MP: 4/13
  1676 | D:2      | Learned a level 4 spell: Iskenderun's Mystic Blast
  1745 | D:2      | Noticed Robin
  1857 | D:2      | Noticed Natasha
  1878 | D:2      | Killed Natasha
  1922 | D:2      | You fall through a shaft for 2 floors!
  1931 | D:4      | Noticed an ogre
  1946 | D:4      | Reached skill level 5 in Spellcasting
  2165 | D:4      | Found a white marble altar of Elyvilon.
  2209 | D:4      | Reached XP level 6. HP: 32/32 MP: 4/16
  2636 | D:4      | Noticed Sigmund
  2795 | D:4      | Found a bloodstained altar of Trog.
  2883 | D:3      | Reached skill level 7 in Conjurations
  2888 | D:3      | Noticed Jessica
  2978 | D:3      | Killed Jessica
  3147 | D:3      | Noticed Ijyb
  3156 | D:3      | Killed Ijyb
  3807 | D:2      | Found a bloodstained altar of Trog.
  3809 | D:2      | Noticed Natasha
  3809 | D:2      | Killed Natasha
  3809 | D:2      | Reached XP level 7. HP: 36/36 MP: 12/17
  4009 | D:2      | Found a shimmering altar of Xom.
  4009 | D:2      | Found an oddly glowing altar of Pakellas.
  4217 | D:2      | Killed Robin
  4385 | D:5      | Entered Level 5 of the Dungeon
  4439 | D:5      | Found Yhewniv's Gadget Shop.
  4510 | D:5      | Noticed Grinder
  4550 | D:5      | Found a staircase to the Ecumenical Temple.
  4561 | Temple   | Entered the Ecumenical Temple
  4877 | D:5      | Noticed Prince Ribbit
  5049 | D:5      | Noticed Edmund
  5169 | D:5      | Reached skill level 8 in Conjurations
  5453 | D:6      | Found an iron altar of Okawaru.
  6064 | D:7      | Found a radiant altar of Vehumet.
  6064 | D:7      | Found a burning altar of Makhleb.
  6115 | D:7      | Became a worshipper of Vehumet
  6380 | D:7      | Reached XP level 8. HP: 34/41 MP: 12/21
  6503 | D:7      | Reached skill level 9 in Conjurations
  6737 | D:8      | Slain by a vampire mosquito

Skill      XL: |  1  2  3  4  5  6  7  8 |
---------------+-------------------------+-----
Conjurations   | 5 6 7 8 9 |  9.0
Spellcasting   | 4 5 7 |  7.4
Stealth        | 3 4 |  4.0
Dodging        | 3 |  3.8

Action                   |  1- 3 |  4- 6 |  7- 9 || total
-------------------------+-------+-------+-------++-------
Melee: Unarmed           |       |     1 |     1 ||     2
 Cast: Magic Dart        |    50 |    69 |    84 ||   203
       Searing Ray       |     6 |    12 |    21 ||    39
       Iskenderun's Myst |       |     8 |     5 ||    13
  Use: Scroll            |       |     2 |     8 ||    10
       Potion            |       |     2 |       ||     2
  Eat: Bread ration      |     1 |     1 |     2 ||     4
       Fruit             |     1 |     1 |       ||     2
       Pizza             |       |       |     1 ||     1
Armor: Robe              |     1 |     2 |     2 ||     5
Dodge: Dodged            |    12 |    20 |    31 ||    63
